General information
- name: BNet
- type: Ladder team game (AT/RT)
- host: Battle.net
- saver: MsY]DOGANDHORSE
map: SilverpineForest
- players: 6
- length: 113:06
- speed: Fast
- version: 1.26 W3XP
- replay type:

» download(763 KB)
Players
team 1 (loser)
CrazyJunkey.ger (
red | 43 APM | 4838 actions | 113:05)
5 Tauren Chieftain
2 War Stomp
3 Endurance Aura
5 Shadow Hunter
3 Hex
2 Healing Wave
3 Firelord
2 Soul Burn
1 Incinerate
» actions
| Assign group hotkey | 20 | |
| Basic commands | 17 | |
| Build / train | 156 | |
| Enter build submenu | 31 | |
| Enter hero's abilities submenu | 13 | |
| Give item / drop item | 3 | |
| Remove unit from queue | 4 | |
| Right click | 2586 | |
| Select / deselect | 1552 | |
| Select group hotkey | 38 | |
| Use ability | 418 | |
4838 total
» units
| Peon | 11 | |
| Troll Headhunter/Berserker | 18 | |
| Troll Batrider | 61 | |
| Kodo Beast | 1 | |
| Demolisher | 8 | |
99 total
» upgrades
| Ranged Weapons | 3 | |
| Armor | 3 | |
| Berserker Upgrade | 1 | |
| Troll Regeneration | 1 | |
| Burning Oil | 1 | |
| War Drums Damage Increase | 1 | |
| Spiked Barricades | 2 | |
12 total
» buildings
| Altar of Storms | 1 | |
| Orc Burrow | 7 | |
| Voodoo Lounge | 2 | |
| War Mill | 1 | |
| Barracks | 1 | |
| Stronghold | 1 | |
| Fortress | 1 | |
| Beastiary | 3 | |
| Great Hall | 1 | |
| Watch Tower | 10 | |
28 total
» build order
00:12 Altar of Storms
00:26 Orc Burrow
01:03 Voodoo Lounge
01:40 War Mill
01:53 Barracks
02:21 Orc Burrow
02:52 Voodoo Lounge
05:40 Stronghold
05:54 Orc Burrow
07:55 Orc Burrow
09:07 Fortress
12:56 Beastiary
13:35 Orc Burrow
17:46 Orc Burrow
31:14 Great Hall
37:52 Watch Tower
37:53 Watch Tower
37:54 Watch Tower
37:56 Watch Tower
37:59 Watch Tower
39:43 Watch Tower
42:17 Watch Tower
42:21 Watch Tower
55:55 Watch Tower
56:22 Orc Burrow
58:21 Watch Tower
60:16 Beastiary
69:24 Beastiary
» items
| Healing Salve | 6 | |
| Lesser Clarity Potion | 7 | |
| Orb of Lightning | 1 | |
| Scroll of Town Portal | 4 | |
| Potion of Lesser Invulnerability | 1 | |
| Scroll of Healing | 1 | |
| Dust of Appearance | 1 | |
| Potion of Healing | 2 | |
| Potion of Mana | 1 | |
24 total
iMp.eSp-Link (
green | 80 APM | 7015 actions | 87:34)
6 Death Knight
3 Death Coil
3 Unholy Aura
5 Lich
3 Frost Nova
2 Frost Armor
3 Dark Ranger
2 Silence
1 Black Arrow
» actions
| Assign group hotkey | 74 | |
| Basic commands | 31 | |
| Build / train | 122 | |
| ESC pressed | 1 | |
| Enter build submenu | 26 | |
| Enter hero's abilities submenu | 14 | |
| Give item / drop item | 2 | |
| Remove unit from queue | 3 | |
| Right click | 2106 | |
| Select / deselect | 1008 | |
| Select group hotkey | 3412 | |
| Use ability | 216 | |
7015 total
» units
| Acolyte | 18 | |
| Ghoul | 3 | |
| Crypt Fiend | 14 | |
| Obsidian Statue | 5 | |
| Meatwagon | 8 | |
| Gargoyle | 4 | |
| Frost Wyrm | 11 | |
63 total
» upgrades
| Web | 1 | |
| Creature Attack | 3 | |
| Burrow | 1 | |
| Destroyer Form | 1 | |
| Disease Cloud | 1 | |
| Creature Carapace | 3 | |
| Freezing Breath | 1 | |
11 total
» buildings
| Graveyard | 1 | |
| Crypt | 2 | |
| Altar of Darkness | 1 | |
| Ziggurat | 12 | |
| Tomb of Relics | 2 | |
| Halls of the Dead | 1 | |
| Nerubian Tower | 3 | |
| Black Citadel | 1 | |
| Spirit Tower | 8 | |
| Sacrificial Pit | 1 | |
| Slaughterhouse | 1 | |
| Necropolis | 1 | |
| Boneyard | 2 | |
36 total
» build order
00:12 Graveyard
00:16 Crypt
00:44 Altar of Darkness
01:02 Ziggurat
01:38 Tomb of Relics
02:01 Ziggurat
04:01 Ziggurat
04:19 Halls of the Dead
04:58 Nerubian Tower
06:05 Ziggurat
06:31 Ziggurat
07:43 Black Citadel
08:01 Spirit Tower
09:19 Sacrificial Pit
09:21 Slaughterhouse
09:54 Spirit Tower
10:02 Nerubian Tower
10:04 Ziggurat
12:53 Spirit Tower
12:56 Spirit Tower
12:58 Ziggurat
13:03 Ziggurat
14:11 Spirit Tower
18:57 Spirit Tower
19:13 Tomb of Relics
19:29 Ziggurat
19:48 Crypt
21:04 Spirit Tower
25:49 Necropolis
28:35 Ziggurat
28:45 Ziggurat
29:46 Boneyard
29:47 Boneyard
32:17 Nerubian Tower
33:04 Ziggurat
36:52 Spirit Tower
» items
| Rod of Necromancy | 2 | |
| Sacrificial Skull | 3 | |
| Dust of Appearance | 1 | |
| Potion of Healing | 1 | |
| Scroll of Town Portal | 5 | |
| Orb of Corruption | 1 | |
| Scroll of Protection | 1 | |
| Scroll of Healing | 1 | |
15 total
NgONgonGO (
yellow | 73 APM | 8263 actions | 112:48)
6 Priestess of the Moon
2 Scout
3 Trueshot Aura
1 Starfall
5 Keeper of the Grove
3 Entangling Roots
2 Thorns Aura
3 Firelord
2 Soul Burn
1 Incinerate
» actions
| Assign group hotkey | 178 | |
| Basic commands | 477 | |
| Build / train | 202 | |
| ESC pressed | 21 | |
| Enter build submenu | 56 | |
| Enter hero's abilities submenu | 14 | |
| Give item / drop item | 6 | |
| Right click | 2573 | |
| Select / deselect | 1730 | |
| Select group hotkey | 2653 | |
| Use ability | 353 | |
8263 total
» units
| Wisp | 49 | |
| Archer | 26 | |
| Hippogryph | 27 | |
| Dryad | 16 | |
| Druid of the Talon | 4 | |
| Goblin Zeppelin | 2 | |
124 total
» upgrades
| Ultravision | 1 | |
| Strength of the Moon | 3 | |
| Improved Bows | 1 | |
| Druid of the Talon Training | 3 | |
| Nature's Blessing | 1 | |
| Reinforced Hides | 3 | |
| Abolish Magic | 1 | |
| Hippogryph Taming | 1 | |
| Marksmanship | 1 | |
| Well Spring | 1 | |
| Strength of the Wild | 3 | |
| Moon Armor | 2 | |
| Mark of the Talon | 1 | |
22 total
» buildings
| Altar of Elders | 1 | |
| Moon Well | 10 | |
| Ancient of War | 2 | |
| Tree of Ages | 1 | |
| Hunter's Hall | 1 | |
| Tree of Life | 5 | |
| Ancient of Wonders | 1 | |
| Ancient of Wind | 3 | |
| Ancient of Lore | 1 | |
| Ancient Protector | 15 | |
| Tree of Eternity | 1 | |
41 total
» build order
00:05 Altar of Elders
00:12 Moon Well
01:12 Ancient of War
01:42 Ancient of War
01:53 Moon Well
02:08 Moon Well
04:01 Tree of Ages
04:31 Hunter's Hall
04:55 Moon Well
05:46 Tree of Life
05:58 Moon Well
08:15 Ancient of Wonders
08:22 Ancient of Wind
09:01 Ancient of Lore
09:58 Ancient Protector
10:20 Ancient Protector
11:45 Tree of Eternity
12:50 Ancient Protector
13:33 Moon Well
15:46 Ancient Protector
15:53 Ancient Protector
16:11 Ancient Protector
16:20 Ancient Protector
17:08 Ancient Protector
18:30 Tree of Life
19:10 Ancient Protector
19:55 Ancient Protector
19:57 Ancient Protector
20:19 Ancient Protector
22:58 Tree of Life
26:42 Ancient Protector
37:52 Ancient Protector
37:54 Ancient Protector
40:27 Tree of Life
43:29 Tree of Life
61:02 Ancient of Wind
61:55 Ancient of Wind
61:58 Moon Well
61:59 Moon Well
62:53 Moon Well
62:53 Moon Well
» items
| Scroll of Town Portal | 6 | |
| Dust of Appearance | 1 | |
| Potion of Healing | 15 | |
| Scroll of Healing | 1 | |
| Staff of Preservation | 4 | |
| Orb of Venom | 2 | |
| Anti-magic Potion | 2 | |
31 total
team 2 (winner)
BetUWishUNoSrch (
purple | 71 APM | 8064 actions | 113:06)
7 Blademaster
3 Wind Walk
3 Critical Strike
1 Bladestorm
4 Shadow Hunter
2 Hex
2 Healing Wave
» actions
| Assign group hotkey | 35 | |
| Basic commands | 134 | |
| Build / train | 119 | |
| ESC pressed | 7 | |
| Enter build submenu | 94 | |
| Enter hero's abilities submenu | 12 | |
| Give item / drop item | 21 | |
| Right click | 4773 | |
| Select / deselect | 648 | |
| Select group hotkey | 1570 | |
| Use ability | 650 | |
8064 total
» units
| Peon | 17 | |
| Troll Batrider | 22 | |
| Goblin Zeppelin | 1 | |
| Troll Witch Doctor | 2 | |
| Shaman | 2 | |
| Raider | 2 | |
| Kodo Beast | 1 | |
| Spirit Walker | 2 | |
| Wind Rider | 6 | |
55 total
» upgrades
| Reinforced Defenses | 1 | |
| Liquid Fire | 1 | |
| Ranged Weapons | 3 | |
| Armor | 3 | |
| Envenomed Spears | 1 | |
| Ensnare | 1 | |
| War Drums Damage Increase | 1 | |
| Shaman Training | 2 | |
| Witch Doctor Training | 2 | |
| Spirit Walker Training | 2 | |
17 total
» buildings
| Altar of Storms | 1 | |
| War Mill | 1 | |
| Orc Burrow | 10 | |
| Watch Tower | 69 | |
| Voodoo Lounge | 5 | |
| Stronghold | 1 | |
| Fortress | 1 | |
| Beastiary | 2 | |
| Great Hall | 2 | |
| Spirit Lodge | 1 | |
93 total
» build order
00:05 Altar of Storms
00:11 War Mill
00:16 Orc Burrow
01:28 Watch Tower
02:01 Watch Tower
02:23 Voodoo Lounge
02:32 Watch Tower
03:32 Stronghold
03:42 Watch Tower
04:25 Watch Tower
04:25 Watch Tower
04:26 Watch Tower
04:44 Watch Tower
04:47 Watch Tower
04:49 Watch Tower
04:54 Watch Tower
04:56 Watch Tower
05:12 Voodoo Lounge
05:28 Voodoo Lounge
06:03 Fortress
06:05 Beastiary
06:51 Watch Tower
06:53 Watch Tower
07:14 Beastiary
07:54 Orc Burrow
07:55 Orc Burrow
07:59 Watch Tower
08:09 Watch Tower
09:04 Watch Tower
09:06 Watch Tower
09:11 Watch Tower
09:18 Watch Tower
10:28 Watch Tower
11:40 Watch Tower
12:52 Watch Tower
13:41 Orc Burrow
14:13 Great Hall
14:17 Watch Tower
14:17 Watch Tower
14:18 Watch Tower
14:19 Watch Tower
16:17 Watch Tower
16:20 Watch Tower
16:21 Watch Tower
16:22 Watch Tower
17:29 Watch Tower
17:29 Watch Tower
17:30 Watch Tower
18:34 Great Hall
18:38 Watch Tower
18:39 Watch Tower
19:11 Watch Tower
19:53 Watch Tower
19:55 Watch Tower
20:20 Watch Tower
20:59 Watch Tower
21:01 Watch Tower
21:25 Watch Tower
22:56 Watch Tower
22:57 Watch Tower
22:58 Watch Tower
24:20 Watch Tower
24:26 Watch Tower
24:27 Watch Tower
24:27 Watch Tower
25:34 Watch Tower
25:35 Watch Tower
25:35 Watch Tower
25:38 Voodoo Lounge
31:32 Spirit Lodge
35:21 Voodoo Lounge
46:55 Orc Burrow
46:56 Orc Burrow
46:57 Orc Burrow
46:58 Orc Burrow
49:02 Orc Burrow
51:54 Watch Tower
51:55 Watch Tower
51:58 Watch Tower
51:59 Watch Tower
52:02 Watch Tower
52:08 Watch Tower
53:12 Watch Tower
53:16 Watch Tower
54:21 Watch Tower
54:25 Watch Tower
54:45 Watch Tower
55:35 Watch Tower
56:03 Watch Tower
56:49 Watch Tower
58:15 Watch Tower
58:22 Watch Tower
75:06 Orc Burrow
» items
| Staff of Teleportation | 3 | |
| Boots of Speed | 2 | |
| Healing Salve | 5 | |
| Lesser Clarity Potion | 7 | |
| Orb of Lightning | 2 | |
| Potion of Healing | 2 | |
| Staff of Sanctuary | 1 | |
| Legion Doom-Horn | 1 | |
| Claws of Attack +12 | 1 | |
| Amulet of Spell Shield | 3 | |
| Helm of Valor | 3 | |
| Khadgar's Gem of Health | 1 | |
| Scroll of Town Portal | 1 | |
32 total
Birdeneering (
orange | 92 APM | 10354 actions | 113:06)
6 Archmage
3 Blizzard
2 Brilliance Aura
1 Mass Teleport
5 Blood Mage
3 Flame Strike
2 Siphon Mana
5 Mountain King
3 Storm Bolt
2 Bash
» actions
| Assign group hotkey | 427 | |
| Basic commands | 89 | |
| Build / train | 214 | |
| Enter build submenu | 140 | |
| Enter hero's abilities submenu | 16 | |
| Give item / drop item | 9 | |
| Remove unit from queue | 1 | |
| Right click | 5690 | |
| Select / deselect | 890 | |
| Select group hotkey | 2227 | |
| Use ability | 651 | |
10354 total
» units
| Peasant | 40 | |
| Dragonhawk Rider | 24 | |
64 total
» upgrades
| Masonry | 3 | |
| Magic Sentry | 1 | |
| Cloud | 1 | |
| Swords | 3 | |
| Armor | 3 | |
| Animal War Training | 1 | |
12 total
» buildings
| Altar of Kings | 1 | |
| Lumber Mill | 1 | |
| Farm | 11 | |
| Scout Tower | 131 | |
| Arcane Tower | 10 | |
| Guard Tower | 77 | |
| Keep | 1 | |
| Castle | 1 | |
| Town Hall | 3 | |
| Arcane Sanctum | 1 | |
| Arcane Vault | 5 | |
| Gryphon Aviary | 1 | |
| Barracks | 1 | |
| Blacksmith | 1 | |
245 total
» build order
00:03 Altar of Kings
00:18 Lumber Mill
00:33 Farm
01:09 Farm
01:20 Scout Tower
01:55 Arcane Tower
01:57 Scout Tower
02:02 Scout Tower
02:04 Scout Tower
02:17 Scout Tower
02:25 Guard Tower
02:50 Scout Tower
02:51 Guard Tower
02:52 Arcane Tower
02:54 Guard Tower
02:55 Scout Tower
02:56 Scout Tower
03:19 Farm
03:52 Guard Tower
03:53 Scout Tower
03:54 Scout Tower
03:56 Guard Tower
03:57 Scout Tower
03:58 Scout Tower
04:31 Guard Tower
04:34 Keep
04:46 Guard Tower
04:50 Scout Tower
04:51 Scout Tower
04:53 Guard Tower
04:54 Scout Tower
04:55 Scout Tower
07:01 Guard Tower
07:49 Guard Tower
07:50 Scout Tower
07:50 Scout Tower
07:51 Scout Tower
08:28 Guard Tower
09:06 Scout Tower
09:06 Scout Tower
09:13 Scout Tower
09:14 Scout Tower
09:14 Scout Tower
09:16 Scout Tower
09:16 Scout Tower
09:18 Scout Tower
09:19 Scout Tower
09:23 Castle
09:26 Guard Tower
09:27 Scout Tower
09:28 Scout Tower
09:37 Guard Tower
09:55 Guard Tower
10:01 Town Hall
10:04 Guard Tower
10:15 Guard Tower
10:22 Guard Tower
10:24 Scout Tower
10:25 Scout Tower
10:40 Guard Tower
10:50 Scout Tower
10:59 Arcane Tower
11:15 Scout Tower
11:16 Scout Tower
11:21 Guard Tower
11:23 Guard Tower
11:32 Guard Tower
11:33 Scout Tower
11:36 Scout Tower
11:37 Scout Tower
11:46 Guard Tower
12:34 Guard Tower
12:37 Scout Tower
12:38 Scout Tower
12:40 Guard Tower
12:43 Town Hall
13:08 Scout Tower
13:08 Scout Tower
13:09 Scout Tower
13:10 Scout Tower
13:35 Scout Tower
13:36 Scout Tower
14:06 Arcane Sanctum
14:09 Guard Tower
14:22 Guard Tower
14:33 Scout Tower
14:49 Guard Tower
14:52 Scout Tower
15:12 Scout Tower
15:13 Scout Tower
15:41 Scout Tower
15:42 Scout Tower
15:46 Guard Tower
16:07 Guard Tower
16:08 Scout Tower
16:16 Guard Tower
16:22 Guard Tower
16:41 Scout Tower
16:41 Scout Tower
16:58 Farm
17:00 Farm
17:04 Guard Tower
17:05 Scout Tower
17:06 Scout Tower
17:06 Scout Tower
17:14 Scout Tower
17:15 Scout Tower
17:16 Scout Tower
17:25 Guard Tower
17:39 Scout Tower
17:40 Guard Tower
18:08 Guard Tower
18:22 Scout Tower
18:22 Scout Tower
18:24 Scout Tower
18:27 Guard Tower
18:30 Scout Tower
18:53 Guard Tower
18:56 Scout Tower
18:56 Scout Tower
19:25 Guard Tower
19:34 Town Hall
19:43 Scout Tower
19:44 Scout Tower
19:45 Scout Tower
19:47 Scout Tower
19:48 Scout Tower
19:58 Guard Tower
20:13 Guard Tower
20:38 Guard Tower
20:44 Guard Tower
20:46 Scout Tower
20:47 Scout Tower
20:51 Scout Tower
20:59 Scout Tower
21:01 Guard Tower
21:01 Guard Tower
21:21 Guard Tower
21:24 Scout Tower
21:26 Scout Tower
21:34 Guard Tower
21:35 Guard Tower
21:54 Guard Tower
21:55 Scout Tower
21:56 Scout Tower
21:59 Scout Tower
22:02 Guard Tower
22:05 Scout Tower
22:06 Scout Tower
22:07 Scout Tower
22:07 Scout Tower
22:12 Scout Tower
22:23 Arcane Vault
22:39 Arcane Tower
22:40 Arcane Tower
22:47 Guard Tower
22:56 Guard Tower
22:58 Scout Tower
22:59 Scout Tower
23:42 Guard Tower
23:51 Scout Tower
23:52 Scout Tower
23:52 Scout Tower
23:59 Scout Tower
24:00 Scout Tower
24:01 Scout Tower
24:02 Arcane Tower
24:03 Arcane Vault
24:10 Scout Tower
24:11 Scout Tower
24:30 Guard Tower
24:36 Arcane Vault
24:39 Guard Tower
24:49 Guard Tower
26:03 Scout Tower
26:07 Scout Tower
26:22 Guard Tower
26:43 Scout Tower
26:44 Scout Tower
26:44 Scout Tower
26:44 Scout Tower
26:55 Guard Tower
26:55 Guard Tower
26:57 Scout Tower
26:58 Scout Tower
27:13 Guard Tower
27:18 Arcane Vault
27:29 Guard Tower
28:14 Guard Tower
28:17 Scout Tower
28:18 Scout Tower
28:19 Scout Tower
28:20 Scout Tower
28:23 Arcane Vault
28:26 Scout Tower
28:27 Scout Tower
28:31 Scout Tower
28:38 Gryphon Aviary
28:41 Barracks
28:42 Blacksmith
28:59 Guard Tower
29:01 Scout Tower
29:05 Scout Tower
29:49 Guard Tower
31:03 Guard Tower
31:06 Scout Tower
31:07 Scout Tower
31:09 Scout Tower
31:10 Scout Tower
31:11 Scout Tower
31:13 Guard Tower
31:15 Scout Tower
31:17 Guard Tower
31:21 Scout Tower
32:37 Guard Tower
32:40 Guard Tower
32:42 Scout Tower
32:42 Scout Tower
32:44 Scout Tower
32:45 Scout Tower
32:49 Guard Tower
36:50 Guard Tower
36:56 Farm
36:57 Farm
36:58 Farm
36:59 Farm
37:00 Farm
37:01 Farm
50:19 Scout Tower
50:21 Scout Tower
52:44 Guard Tower
52:44 Guard Tower
55:01 Scout Tower
55:34 Arcane Tower
56:50 Scout Tower
57:29 Arcane Tower
70:43 Scout Tower
70:45 Scout Tower
71:10 Arcane Tower
71:47 Arcane Tower
» items
| Healing Salve | 8 | |
| Orb of Lightning | 3 | |
| Staff of Teleportation | 3 | |
| Lesser Clarity Potion | 1 | |
| Boots of Speed | 2 | |
| Scroll of Town Portal | 6 | |
| Scroll of Regeneration | 1 | |
| Staff of Sanctuary | 2 | |
| Warsong Battle Drums | 1 | |
| Pendant of Mana | 1 | |
| Ring of Protection +4 | 1 | |
29 total
MsY]DOGANDHORSE (
teal | 93 APM | 10530 actions | 113:06)
6 Warden
3 Shadow Strike
3 Blink
5 Pandaren Brewmaster
3 Breath of Fire
2 Drunken Haze
» actions
| Assign group hotkey | 23 | |
| Basic commands | 50 | |
| Build / train | 143 | |
| Enter build submenu | 36 | |
| Enter hero's abilities submenu | 11 | |
| Give item / drop item | 18 | |
| Remove unit from queue | 22 | |
| Right click | 7214 | |
| Select / deselect | 1664 | |
| Select group hotkey | 766 | |
| Use ability | 582 | |
10530 total
» units
| Wisp | 20 | |
| Goblin Zeppelin | 2 | |
| Hippogryph | 29 | |
51 total
» upgrades
| Ultravision | 1 | |
| Well Spring | 1 | |
| Strength of the Wild | 3 | |
| Reinforced Hides | 4 | |
| Nature's Blessing | 1 | |
10 total
» buildings
| Altar of Elders | 1 | |
| Moon Well | 21 | |
| Tree of Ages | 3 | |
| Ancient of Wonders | 1 | |
| Hunter's Hall | 1 | |
| Tree of Eternity | 1 | |
| Tree of Life | 3 | |
| Ancient of Wind | 2 | |
33 total
» build order
00:14 Altar of Elders
00:19 Moon Well
00:59 Moon Well
01:57 Moon Well
04:23 Tree of Ages
04:58 Ancient of Wonders
05:34 Hunter's Hall
08:13 Tree of Eternity
08:15 Moon Well
08:16 Moon Well
08:17 Moon Well
09:47 Tree of Life
12:35 Tree of Life
22:23 Ancient of Wind
33:43 Moon Well
33:43 Moon Well
33:44 Moon Well
33:44 Moon Well
47:56 Tree of Life
57:52 Tree of Ages
57:52 Tree of Ages
59:18 Moon Well
59:29 Moon Well
60:21 Ancient of Wind
60:34 Moon Well
61:33 Moon Well
62:51 Moon Well
62:59 Moon Well
67:47 Moon Well
68:20 Moon Well
70:30 Moon Well
71:47 Moon Well
71:50 Moon Well
» items
| Boots of Speed | 3 | |
| Staff of Teleportation | 2 | |
| Lesser Clarity Potion | 16 | |
| Healing Salve | 10 | |
| Orb of Lightning | 1 | |
| Staff of Preservation | 2 | |
| Orb of Venom | 1 | |
| Khadgar's Gem of Health | 1 | |
| Hood of Cunning | 1 | |
37 total
Chat log
(00:23 / All) BetUWishUNoSrch: do u like hitler or something...u sicko
(00:30 / All) NgONgonGO: gb?
(00:31 / All) iMp.eSp-Link: k
(00:35 / All) Birdeneering: stop
(00:38 / All) Birdeneering: you boys german??
(00:39 / All) Birdeneering: wait
(00:43 / All) BetUWishUNoSrch: gay boy? yeah...u......hitler lover....want sex with man....evil man...
(00:45 / All) Birdeneering: BAD MANNER???
(00:49 / All) NgONgonGO: u started
(00:55 / All) Birdeneering: ALL GERMANS: BAD MANNER I KNEW IT!
(00:56 / All) BetUWishUNoSrch: u called me gay boy
(01:01 / All) Birdeneering: u gay ger?
(01:07 / All) NgONgonGO: i asked if u are from great britain
(01:07 / All) MsY]DOGANDHORSE: Leather Daddy
(01:16 / All) iMp.eSp-Link: yeah and you Gay FR?
(01:17 / All) BetUWishUNoSrch: what is that
(01:28 / All) MsY]DOGANDHORSE: PIZZA
(01:28 / All) BetUWishUNoSrch: hold on
(01:28 / All) MsY]DOGANDHORSE: 1 sec
(01:30 / All) NgONgonGO: vous etes cons :D
(01:30 / All) Birdeneering: Pizza here
(01:31 / All) Birdeneering: wait
(01:31 / All) BetUWishUNoSrch: is here
(01:36 / All) BetUWishUNoSrch: ding sdong
(01:37 / All) BetUWishUNoSrch: pizza time
(01:43 / All) Birdeneering: I think the pizza guy is german wait
(02:40 / All) Birdeneering: was hoping for more of a manner game... guess u were too busy jumpstyling
(03:28 / All) Birdeneering: play better u wieners
(03:33 / All) MsY]DOGANDHORSE: 1 sec
(03:33 / All) Birdeneering: wait
(04:21 / All) Birdeneering: yellow u noob?
(04:42 / All) Birdeneering: hello?
(04:43 / All) Birdeneering: yellow?
(06:35 / All) Birdeneering: red
(06:36 / All) Birdeneering: u noob?
(07:11 / All) Birdeneering: ud
(07:11 / All) Birdeneering: u noob?
(07:17 / All) Birdeneering: you seem noob
(09:02 / All) Birdeneering: get out red
(15:25 / All) Birdeneering: red
(15:26 / All) Birdeneering: stop trying
(15:28 / All) Birdeneering: you're so bad
(23:15 / All) Birdeneering: red
(23:16 / All) Birdeneering: quit
(23:31 / All) Birdeneering: red
(23:32 / All) Birdeneering: quit
(23:34 / All) Birdeneering: this is awful
(24:43 / All) Birdeneering: you ready to quit yet?
(24:51 / All) Birdeneering: wait
(24:51 / All) BetUWishUNoSrch: pleaswe
(25:57 / All) Birdeneering: red
(26:00 / All) Birdeneering: stop it shitnoob
(26:32 / All) Birdeneering: if you're going to try
(26:35 / All) Birdeneering: actually try
(26:40 / All) Birdeneering: don't just leave immediately coward german
(27:46 / All) Birdeneering: Get out cowards
(27:59 / All) Birdeneering: Now I know how Hitler felt the last days in the bunker
(28:04 / All) Birdeneering: betrayed by cowardly German soldiers
(28:10 / All) Birdeneering: who wouldn't even fight for him
(28:12 / All) Birdeneering: Just surrendered
(30:40 / All) Birdeneering: get out noobs fucking hell
(30:59 / All) MsY]DOGANDHORSE: gold spent on tps: 4000
(31:06 / All) MsY]DOGANDHORSE: 4350
(40:26 / All) Birdeneering: cowardice of the german
(40:41 / All) NgONgonGO: towers
(40:48 / All) NgONgonGO: u should u come
(40:58 / All) Birdeneering: we already have towers thanks
(42:11 / All) MsY]DOGANDHORSE: lol!@
(42:40 / All) Birdeneering: bye DK :((
(50:53 / All) Birdeneering: fkn noobs
(53:29 / All) MsY]DOGANDHORSE: gg.....
(53:34 / All) iMp.eSp-Link: rofl
(53:36 / All) Birdeneering: luckers
(54:03 / All) MsY]DOGANDHORSE: u are Bad Bad BAD
(56:59 / All) CrazyJunkey.ger: i found you
(57:03 / All) Birdeneering: welcome
(58:00 / All) Birdeneering: bye cruel land
(63:42 / All) NgONgonGO: altar
(64:07 / All) BetUWishUNoSrch: where in the world is orange hero altar? ?
(64:30 / All) Birdeneering: 2 slow chumpies
(66:17 / All) Birdeneering: I must say
(66:37 / All) Birdeneering: you were very bad
(66:40 / All) Birdeneering: and cowardous
(66:43 / All) Birdeneering: how do you plead??
(67:53 / All) BetUWishUNoSrch: hello all
(67:56 / All) MsY]DOGANDHORSE: listen
(67:59 / All) MsY]DOGANDHORSE: we can quit if you want
(68:02 / All) MsY]DOGANDHORSE: there's only one thing you have to do
(68:05 / All) NgONgonGO: stay pls
(68:07 / All) MsY]DOGANDHORSE: read http://highper.ch/win to find out how
(68:25 / All) BetUWishUNoSrch: u;'re not boss man of me !!
(68:27 / All) BetUWishUNoSrch: i quit now
(68:34 / All) BetUWishUNoSrch: how the freak do this menu works ?
(68:50 / All) Birdeneering: any of you mädchens ever heard of upkeep?
(69:35 / All) Birdeneering: I rule that
(69:37 / All) Birdeneering: A miserable failure
(70:35 / All) MsY]DOGANDHORSE: try again
(71:20 / All) CrazyJunkey.ger: can u leave pls ?
(71:23 / All) MsY]DOGANDHORSE: sure
(71:26 / All) MsY]DOGANDHORSE: http://highper.ch/win
(71:30 / All) CrazyJunkey.ger: ?
(71:33 / All) Birdeneering: visit it
(71:34 / All) MsY]DOGANDHORSE: check it out, instructions on getting us to leave
(71:45 / All) Birdeneering: we won't attack, you have plenty of time B)
(72:04 / All) CrazyJunkey.ger: ok i check the site
(74:05 / All) CrazyJunkey.ger: for 3$ ?'
(74:07 / All) MsY]DOGANDHORSE: ues
(74:08 / All) MsY]DOGANDHORSE: yes
(74:39 / All) CrazyJunkey.ger: i can´t pay money
(74:44 / All) MsY]DOGANDHORSE: ???
(74:47 / All) CrazyJunkey.ger: we aren´t 18
(74:47 / All) BetUWishUNoSrch: stinkxsz for u
(74:51 / All) MsY]DOGANDHORSE: use Mom's credit card
(74:54 / All) MsY]DOGANDHORSE: you don't need a paypal account.
(75:03 / All) CrazyJunkey.ger: dunno her pin
(75:09 / All) MsY]DOGANDHORSE: you don't need a pin for internet
(75:14 / All) BetUWishUNoSrch: go get it you scrooge
(75:46 / All) CrazyJunkey.ger: but i don´t have $
(75:51 / All) MsY]DOGANDHORSE: mom does. . . .
(76:02 / All) CrazyJunkey.ger: only euro
(76:04 / All) BetUWishUNoSrch: does mom care about U.
(76:05 / All) NgONgonGO: your mom pays me
(76:18 / All) BetUWishUNoSrch: we take euro @ current conversion rate of 2.17 euro to 1.00 usd
(78:06 / All) BetUWishUNoSrch: u make too many....how u say....como se dice....siegitos???
(78:19 / All) Birdeneering: I feel this was a good game
(78:27 / All) CrazyJunkey.ger: Y
(78:29 / Allies) Birdeneering: You were bad so we got expansions and heroes up no problem
(78:44 / All) CrazyJunkey.ger: pls leave ?
(78:48 / All) BetUWishUNoSrch: 3 dolares
(78:49 / All) Birdeneering: you were so bad we got expansions and herolevels up no problem
(78:56 / All) BetUWishUNoSrch: cuanto cuesta 'This Game'
(78:59 / All) Birdeneering: otherwise you'd quit
(79:03 / All) MsY]DOGANDHORSE: You can purchase this win for the low price of 3 USD
(79:05 / All) Birdeneering: now you're stuck here asking us to quit...
(79:17 / All) Birdeneering: but you'll lose this game
(79:20 / All) CrazyJunkey.ger: i dunno how to pay money at internet
(79:21 / All) Birdeneering: the longest game you'll ever lose
(79:30 / All) MsY]DOGANDHORSE: click the Pay Now button
(79:30 / All) BetUWishUNoSrch: step 1: get mom credit card
(79:33 / All) MsY]DOGANDHORSE: enter credit card numbers
(79:35 / All) MsY]DOGANDHORSE: you win!
(79:38 / All) BetUWishUNoSrch: step 2: click http://highper.ch/win
(79:42 / All) BetUWishUNoSrch: step 3: enjoy the win
(79:47 / All) CrazyJunkey.ger: then all money is away ?
(79:53 / All) BetUWishUNoSrch: all $3
(79:54 / All) MsY]DOGANDHORSE: it sends $3 through paypal
(80:39 / All) CrazyJunkey.ger: the 2nd option ?
(80:51 / All) BetUWishUNoSrch: alt q q
(80:55 / All) CrazyJunkey.ger: ??
(80:59 / All) iMp.eSp-Link: alt q b
(81:01 / All) CrazyJunkey.ger: no i mean at your pay
(81:14 / All) CrazyJunkey.ger: First or second ?=
(81:19 / All) MsY]DOGANDHORSE: yes
(81:24 / All) MsY]DOGANDHORSE: click Don't have a PayPal Account
(81:28 / All) CrazyJunkey.ger: what is log in ?
(81:31 / All) MsY]DOGANDHORSE: don't use login
(81:37 / Allies) MsY]DOGANDHORSE: click Don't Have A PAYPAL Account
(81:52 / All) BetUWishUNoSrch: Don't have a PayPal account?
(81:58 / All) CrazyJunkey.ger: no im 12 !
(82:00 / All) BetUWishUNoSrch: pay with your debit or credit card as a PayPal guest
(82:20 / All) MsY]DOGANDHORSE: click the words bottom right "Don't have a paypal account?"
(82:33 / All) CrazyJunkey.ger: the 2nd button ?
(83:51 / All) CrazyJunkey.ger: pay with a card y ?
(83:53 / All) MsY]DOGANDHORSE: Yes
(85:49 / All) CrazyJunkey.ger: i dont check this :/
(85:58 / All) MsY]DOGANDHORSE: read the words on the website
(86:00 / All) CrazyJunkey.ger: card txpe ???
(86:06 / All) MsY]DOGANDHORSE: Visa? Mastercard? Amex?
(86:13 / All) BetUWishUNoSrch: discoveR? lol...
(86:17 / All) CrazyJunkey.ger: no i have spardabank !
(86:51 / All) MsY]DOGANDHORSE: Lastschrift
(86:54 / All) MsY]DOGANDHORSE: choose it
(87:07 / All) CrazyJunkey.ger: discover ?
(87:10 / All) NgONgonGO: your mom chose me
(87:26 / All) BetUWishUNoSrch: sorry clan towa only takes discover card
(87:37 / All) BetUWishUNoSrch: We Apologize For The Inconvenience
(89:18 / All) Birdeneering: and you thought you were winning this game :/
(89:29 / All) BetUWishUNoSrch: hello ? how to put in credit "Card?
(89:43 / All) CrazyJunkey.ger: I have Spardabank ???
(89:46 / All) MsY]DOGANDHORSE: DEBIT card
(89:48 / All) MsY]DOGANDHORSE: choose Lastschrift
(90:31 / All) BetUWishUNoSrch:
(90:48 / All) CrazyJunkey.ger: savecode ?
(90:51 / All) BetUWishUNoSrch:
(91:03 / All) BetUWishUNoSrch:
(91:53 / All) CrazyJunkey.ger: what means savecode ?
(91:56 / All) BetUWishUNoSrch:
(92:09 / All) CrazyJunkey.ger: when u help me i c an pay !
(92:14 / All) BetUWishUNoSrch:
(92:48 / All) BetUWishUNoSrch:
(92:51 / All) BetUWishUNoSrch:
(92:52 / All) BetUWishUNoSrch:
(94:25 / All) CrazyJunkey.ger: i payed to kerr.tyler
(95:43 / All) BetUWishUNoSrch:
(95:51 / All) MsY]DOGANDHORSE: have not received yet
(96:00 / All) CrazyJunkey.ger: ?
(96:07 / All) CrazyJunkey.ger: I payed to kerr
(96:12 / All) BetUWishUNoSrch:
(96:14 / All) MsY]DOGANDHORSE: email me your receipt
(96:24 / All) CrazyJunkey.ger: ?
(96:38 / All) BetUWishUNoSrch:
(97:05 / All) BetUWishUNoSrch:
(98:23 / All) BetUWishUNoSrch:
(98:50 / All) BetUWishUNoSrch:
(99:06 / All) BetUWishUNoSrch:
(104:38 / All) BetUWishUNoSrch:
(112:51 / All) BetUWishUNoSrch: cya
(112:54 / All) MsY]DOGANDHORSE: $3
(112:56 / All) MsY]DOGANDHORSE: hrry
(112:57 / All) MsY]DOGANDHORSE: hurry